 Dungeon Crawl Stone Soup version 0.23.0 (console) character file.

Game seed: 3994342424602039834

827 svalbard the Skirmisher (level 7, -5/53 HPs)
             Began as an Octopode Assassin on Feb 15, 2019.
             Was a Follower of Ashenzari.
             Slain by a wyvern zombie (15 damage)
             ... on level 7 of the Dungeon.
             The game lasted 00:05:29 (4651 turns).

svalbard the Skirmisher (Octopode Assassin)         Turns: 4651, Time: 00:05:31

Health: -5/53      AC:  1    Str: 14    XL:     7   Next: 97%
Magic:  7/7        EV: 17    Int: 13    God:    Ashenzari [*.....]
Gold:   161        SH:  0    Dex: 16    Spells: 6/6 levels left

rFire    . . .     SeeInvis .   a - +3 dagger
rCold    . . .     Gourm    .   (no shield)
rNeg     . . .     Faith    .   (helmet restricted)
rPois    .         Spirit   .   (no amulet)
rElec    .         Reflect  .   j - +4 ring of strength
rCorr    +         Harm     .   k - ring of resist corrosion
MR       .....                  (no ring)
Stlth    ++++......             (no ring)
HPRegen  0.17/turn              (no ring)
MPRegen  0.10/turn              (no ring)
                                (no ring)
                                (no ring)

@: no status effects
A: almost no armour, stealthy swim, amphibious, 8 rings, constrict 8, camouflage
1, gelatinous body 1
a: Curse Item, Scrying, Renounce Religion


You were on level 7 of the Dungeon.
You worshipped Ashenzari.
Ashenzari was aware of your devotion.
You were not hungry.

You visited 2 branches of the dungeon, and saw 8 of its levels.

You collected 161 gold pieces.

Inventory:

Hand Weapons
 a - a +3 dagger (weapon)
 b - a +0 blowgun
Missiles
 c - 25 poisoned needles
 d - 2 curare-tipped needles
Jewellery
 j - a +4 ring of strength (left tentacle)
 k - a ring of resist corrosion (right tentacle)
Wands
 q - a wand of flame (10)
 w - a wand of polymorph (5)
Scrolls
 h - 3 scrolls of remove curse
 o - a scroll of teleportation
 p - 3 scrolls of fear
 s - a scroll of magic mapping
Potions
 g - a potion of brilliance {unknown}
 i - a potion of heal wounds
 l - 4 potions of curing
 m - 2 potions of agility
 n - a potion of invisibility
 r - a potion of resistance {unknown}
 t - a potion of haste {unknown}
 v - a potion of lignification {unknown}
Comestibles
 f - 7 rations
 u - 4 chunks of flesh


   Skills:
 + Level 6.4 Fighting
 - Level 2.0 Short Blades
 - Level 2.0 Throwing
 + Level 6.1 Dodging
 - Level 5.3 Stealth


You had 6 spell levels left.
You didn't know any spells.
Your spell library was empty.

Dungeon Overview and Level Annotations

Branches:
Dungeon (7/15)             Temple (1/1) D:4

Altars:
Ashenzari
Cheibriados
Dithmenos
Elyvilon
Fedhas
Hepliaklqana
Kikubaaqudgha
Makhleb
Nemelex Xobeh
Okawaru
Ru
Sif Muna
Trog
Uskayaw
Wu Jian
Xom
Yredelemnul
Zin
The Shining One

Annotations:
D:3 Sigmund
D:6 Menkaure


Innate Abilities, Weirdness & Mutations

You cannot wear most types of armour.
You are very stealthy in the water. (Stealth+)
You are amphibious.
You can wear up to eight rings at the same time.
You can use your tentacles to constrict eight enemies at once.
Your skin changes colour to match your surroundings (Stealth+).
Your rubbery body absorbs attacks. (AC +1, EV +1)


Message History

The wyvern zombie is heavily damaged.
The wyvern zombie bites you!
You are too injured to fight recklessly!
You are too injured to fight recklessly!
You are too injured to fight recklessly!
You are too injured to fight recklessly!
You are too injured to fight recklessly!
You are too injured to fight recklessly!
You are too injured to fight recklessly!
You are too injured to fight recklessly!
You are too injured to fight recklessly!
You are too injured to fight recklessly!
You barely miss the wyvern zombie. You squeeze the wyvern zombie!
The wyvern zombie is severely damaged.
The wyvern zombie bites you!
* * * LOW HITPOINT WARNING * * *
You hit the wyvern zombie.
The wyvern zombie is almost destroyed.
The wyvern zombie bites you!
You die...

#.[# #..# #..# #..
... #.# #Z# #@#
#.# #.# #.#
#.################
#.................
#########.#.######
###.#.######
#...........
##.##..####.#
###............


You could see a wyvern zombie.

Vanquished Creatures
  Grinder (D:4)
  Blork the orc (D:4)
  A scorpion (D:7)
  A hound (D:4)
  2 orc priests (D:3)
  3 orc wizards
  An iguana (D:6)
  A worker ant (D:7)
  A hound zombie (D:2)
  A hound skeleton (D:4)
  Robin (D:2)
  3 gnolls (D:3)
  9 adders
  A howler monkey skeleton (D:6)
  An ooze (D:6)
  A worm (D:2)
  3 dart slugs
  3 leopard geckos
  15 orcs
  6 giant cockroaches
  18 goblins
  8 hobgoblins
  9 bats
  6 frilled lizards
  9 kobolds
  9 rats
115 creatures vanquished.

Notes
Turn   | Place    | Note
-------+----------+-------------------------------------------
     0 | D:1      | svalbard the Octopode Assassin began the quest for the Orb.
     0 | D:1      | Reached XP level 1. HP: 14/14 MP: 1/1
    55 | D:1      | Reached XP level 2. HP: 11/20 MP: 2/2
   201 | D:2      | Reached XP level 3. HP: 21/25 MP: 3/3
   314 | D:2      | Reached XP level 4. HP: 29/31 MP: 4/4
   621 | D:2      | Noticed Robin
  1553 | D:2      | Reached XP level 5. HP: 37/37 MP: 5/5
  1704 | D:2      | Killed Robin
  2689 | D:3      | Noticed Sigmund
  2780 | D:4      | Found a staircase to the Ecumenical Temple.
  2800 | D:4      | Noticed Grinder
  2811 | Temple   | Entered the Ecumenical Temple
  2858 | Temple   | Became a worshipper of Ashenzari the Shackled
  2883 | D:4      | Got the hand axe of Indignation {freeze, Fragile rPois rC+}
  2892 | D:4      | Killed Grinder
  2892 | D:4      | Reached skill level 5 in Fighting
  2892 | D:4      | Reached XP level 6. HP: 45/45 MP: 6/6
  2893 | D:4      | Identified the +4 hand axe of Indignation {freeze, Fragile
                  | rPois rC+} (You found it on level 4 of the Dungeon)
  3018 | D:4      | Reached skill level 5 in Dodging
  3018 | D:4      | Reached XP level 7. HP: 47/50 MP: 7/7
  3150 | D:4      | Noticed Blork the orc
  3884 | D:4      | Killed Blork the orc
  3959 | D:4      | Found a white marble altar of Elyvilon.
  4024 | D:4      | Found a shadowy altar of Dithmenos.
  4233 | D:5      | Entered Level 5 of the Dungeon
  4350 | D:5      | Reached * piety under Ashenzari
  4354 | D:6      | Found a burning altar of Makhleb.
  4356 | D:6      | Found a deep blue altar of Sif Muna.
  4383 | D:6      | Noticed Menkaure
  4651 | D:7      | Slain by a wyvern zombie

Skill      XL: |  1  2  3  4  5  6  7 |
---------------+----------------------+-----
Dodging        | 2 3 4 5 6 |  6.1
Fighting       | 3 5 6 |  6.4
Short Blades   | |  2.0
Throwing       | |  2.0
Stealth        | |  5.3

Action                   |  1- 3 |  4- 6 |  7- 9 || total
-------------------------+-------+-------+-------++-------
Melee: Dagger            |    35 |   113 |    92 ||   240
       Tentacles         |    12 |    20 |    24 ||    56
       Constrict         |    11 |    31 |    22 ||    64
       Hand axe          |       |    11 |     3 ||    14
 Fire: Blowgun           |       |     1 |     5 ||     6
  Use: Scroll            |       |     4 |     7 ||    11
       Potion            |       |       |     1 ||     1
 Stab: Sleeping          |     3 |    17 |     1 ||    21
  Eat: Chunk             |       |     5 |     7 ||    12
Armor: Skin              |     2 |     2 |     4 ||     8
Dodge: Dodged            |    19 |    64 |    61 ||   144
